AoeStats
← whisperedzen

Arabia

509709868Analyzed
1v1 RM · 4d ago on Sep 27, 2026· 46m 21s· 2 players
Game mode
Random Map
Map size
Tiny (2 player)
Population
200
Speed
Normal
Resources
Standard
Victory
Conquest
Starting age
Dark Age
Ending age
Imperial Age
RankedLock teamsTeams togetherTeam positionsShared explorationLock speedFull tech treeHidden civsTurbo modeCheats
Victory
Defeat
🇮🇹 Mongols · Italy
1344
+14
🇺🇾 Vietnamese · Uruguay
1308
-14
whisperedzen
7:17 Loom
9:31 Feudal Age
10:58 Double-Bit Axe
22:32 Castle Age
20:51 Fletching
22:31 Padded Archer Armor
22:36 Crossbowman
28:13 Bodkin Arrow
31:44 Horse Collar
31:41 Light Cavalry
32:31 Bloodlines
32:55 Ballistics
33:48 Bloodlines
38:58 Wheelbarrow
39:06 Thumb Ring
39:38 Forging
39:34 Scale Barding Armor
46:25 Imperial Age
45:18 Bow Saw
45:15 Heavy Plow
Lord Kopi
6:25 Loom
8:39 Feudal Age
9:11 Double-Bit Axe
21:39 Castle Age
19:59 Gold Mining
20:02 Horse Collar
21:02 Bloodlines
20:59 Fletching
21:23 Bloodlines
21:45 Scale Barding Armor
21:48 Padded Archer Armor
21:43 Elite Skirmisher
23:21 Bodkin Arrow
24:42 Leather Archer Armor
26:31 Forging
26:24 Stone Mining
28:07 Bow Saw
34:17 Imperial Age
32:20 Town Watch
34:07 Husbandry
35:23 Wheelbarrow
36:06 Bracer
37:03 Ballistics
38:30 Conscription
39:20 Hand Cart
41:32 Chemistry
41:51 Chain Barding Armor
42:07 Iron Casting
42:27 Drill
42:50 Light Cavalry
43:02 Onager
45:46 Parthian Tactics
45:46 Hussar
Connection lost

Rejoining the realm…

Still unreachable

The connection could not be restored.

Session expired

The server has moved on; the page needs a fresh start.